 Dungeon Crawl Stone Soup version 0.23.0 (webtiles) character file.

Game seed: 15864441168206400657

6868 vishdafish the Spear-Bearer (level 10, -2/80 HPs)
             Began as a Demonspawn Fighter on Feb 15, 2019.
             Was a Believer of Yredelemnul.
             Slain by a worker ant (6 damage)
             ... on level 9 of the Dungeon.
             The game lasted 00:18:39 (9369 turns).

vishdafish the Spear-Bearer (Demonspawn Fighter)    Turns: 9369, Time: 00:18:40

Health: -2/80      AC: 14    Str: 22    XL:     10   Next: 78%
Magic:  12/12      EV: 11    Int: 12    God:    Yredelemnul [**....]
Gold:   1326       SH: 11    Dex: 13    Spells: 9/9 levels left

rFire    + + .     SeeInvis .   L - +1 trident (flame)
rCold    + . .     Gourm    .   c - +0 shield
rNeg     . . .     Faith    .   D - +1 scale mail of Ywoav {rPois rF+ Str+5}
rPois    +         Spirit   .   w - +0 helmet
rElec    .         Reflect  .   B - +0 cloak
rCorr    .         Harm     .   (no gloves)
MR       .....                  r - +0 pair of boots
Stlth    ..........             (no amulet)
HPRegen  0.23/turn              H - ring of protection from cold
MPRegen  0.13/turn              j - ring of protection from fire

@: no status effects
A: hooves 1, slimy green scales 1, powered by pain 1, spiny 2
a: Animate Remains, Recall Undead Slaves, Injury Mirror, Renounce Religion


You were on level 9 of the Dungeon.
You worshipped Yredelemnul.
Yredelemnul was pleased with you.
You were not hungry.

You visited 2 branches of the dungeon, and saw 10 of its levels.
You also visited: Bailey.

You collected 1326 gold pieces.

Inventory:

Hand Weapons
 a - a +0 trident
 I - a +1 war axe of electrocution
 L - a +1 trident of flaming (weapon)
Armour
 b - a +0 scale mail
 c - a +0 shield (worn)
 r - a +0 pair of boots (worn)
 w - a +0 helmet (worn)
 B - a +0 cloak (worn)
 C - the +0 scale mail of the Vacuum {Dex+4}
   (You took it off an orc on level 3 of the Dungeon)

   It affects your dexterity (+4).
 D - the +1 scale mail of Ywoav (worn) {rPois rF+ Str+5}
   (You found it on level 6 of the Dungeon)

   It affects your strength (+5).
   It protects you from fire.
   It protects you from poison.
Jewellery
 j - a ring of protection from fire (right hand)
 s - an uncursed ring of stealth
 H - a ring of protection from cold (left hand)
Wands
 y - a wand of flame (12)
Scrolls
 d - a scroll of amnesia {unknown}
 h - a scroll of magic mapping
 i - 4 scrolls of teleportation
 k - 6 scrolls of fog
 l - 2 scrolls of enchant armour
 n - 5 scrolls of remove curse
 t - 4 scrolls of enchant weapon
 v - a scroll of immolation {unknown}
 E - a scroll of noise {unknown}
 F - a scroll of random uselessness {unknown}
 G - 3 scrolls of fear {unknown}
 K - 2 scrolls of identify
Potions
 g - 2 potions of magic {unknown}
 o - a potion of berserk rage
 p - a potion of mutation {unknown}
 q - 2 potions of curing {unknown}
 u - a potion of experience {unknown}
 x - 2 potions of degeneration {unknown}
 z - 3 potions of haste
 A - 3 potions of cancellation {unknown}
Miscellaneous
 J - a lightning rod (inert)
Comestibles
 f - 15 rations


   Skills:
 + Level 8.1 Fighting
 + Level 8.3 Polearms
 - Level 7.0 Armour
 - Level 5.1 Dodging
 - Level 0.2 Stealth
 - Level 7.0 Shields
 * Level 3.7 Invocations


You had 9 spell levels left.
You didn't know any spells.
Your spell library contained the following spells:

 Spells                   Type           Power        Failure   Level  Hunger
 Animate Skeleton         Necr           N/A          91%         1    ##.....
 Apportation              Tloc           #.....       91%         1    ##.....
 Confusing Touch          Hex            #.....       91%         1    ##.....
 Magic Dart               Conj           #...         91%         1    ##.....
 Pain                     Necr           #...         91%         1    ##.....
 Summon Small Mammal      Summ           #...         91%         1    ##.....
 Searing Ray              Conj           #.....       97%         2    ###....
 Dazzling Spray           Conj/Hex       #.....       100%        3    ####...
 Recall                   Summ/Tloc      N/A          100%        3    ####...
 Regeneration             Chrm/Necr      #.........   100%        3    ####...
 Vampiric Draining        Necr           #.........   100%        3    ####...
 Animate Dead             Necr           N/A          100%        4    #####..
 Force Lance              Conj/Tloc      #.......     100%        4    #####..
 Fulminant Prism          Conj/Hex       #.........   100%        4    #####..
 Iskenderun's Mystic Bla  Conj           #.......     100%        4    #####..
 Aura of Abjuration       Summ           #.........   100%        5    ######.
 Summon Demon             Summ           #.........   100%        5    ######.
 Summon Forest            Summ/Tloc      #.........   100%        5    ######.
 Summon Mana Viper        Hex/Summ       #.......     100%        5    ######.
 Shadow Creatures         Summ           N/A          100%        6    #######


Dungeon Overview and Level Annotations

Branches:
Dungeon (9/15)             Temple (1/1) D:7             Orc (0/2) D:9
   Lair: D:8-11

Altars:
Dithmenos
Kikubaaqudgha
Makhleb
Nemelex Xobeh
Okawaru
Qazlal
Ru
Trog
Uskayaw
Wu Jian
Yredelemnul
The Shining One
Beogh

Shops:
D:5 %


Innate Abilities, Weirdness & Mutations

You have large cloven feet.
You are partially covered in slimy green scales. (AC +2)
You sometimes gain a little power by taking damage.
You are mostly covered in sharp spines.


Message History

You barely miss the ogre.
The ogre is heavily wounded.
The ogre is struck by your spines. The ogre hits you with a +0 giant club!
* * * LOW HITPOINT WARNING * * *
You hit the ogre. You burn the ogre.
The ogre is severely wounded.
The worker ant is struck by your spines.
The worker ant bites you but does no damage.
You barely miss the ogre.
The ogre is severely wounded.
You block the hound's attack.
The worker ant bites you but does no damage.
The ogre hits you with a +0 giant club.
* * * LOW HITPOINT WARNING * * *
The hound bites you but does no damage.
You hit the ogre. You burn the ogre.
The ogre is almost dead.
The worker ant bites you.
You die...
Your body rises from the dead as a mindless zombie.

# ############
.#
....../....+
'.
...........#'#
..........$..#
............#
.......a@O..#
.......h....#
............#
............#
##+##########
### ..#


You could see an ogre, a hound and a worker ant.

Vanquished Creatures
  Harold (D:8)
  An orc knight (Bailey)
  Joseph (D:7)
  The ghost of Killmatronix the Bolt Thrower, a novice KoHu of Zin (D:3)
  Grinder (D:3)
  Prince Ribbit (D:7)
  2 hippogriffs
  Sigmund (D:4)
  2 wargs (D:9)
  Purgy (D:4)
  9 orc warriors
  2 ice beasts (D:7)
  A necrophage (D:8)
  A phantom (D:8)
  5 ogres
  A centaur (D:8)
  7 bullfrogs
  A big kobold (D:8)
  A gnoll sergeant (D:8)
  A wyvern skeleton (D:6)
  3 scorpions
  4 wights (D:7)
  5 howler monkeys
  A bullfrog zombie (D:9)
  3 crimson imps
  A lava snake (D:7)
  4 hounds
  4 jellies
  Crazy Yiuf (D:5)
  2 bullfrog skeletons
  3 orc priests
  3 orc wizards
  Ijyb (D:4)
  An iguana (D:5)
  Terence (D:2)
  A worker ant (D:9)
  3 hound skeletons
  Robin (D:4)
  A howler monkey skeleton (D:7)
  7 adders
  4 gnolls (D:8)
  2 shadow imps (D:6)
  An ooze (D:2)
  2 worms (D:2)
  A dart slug (D:4)
  3 leopard geckos
  54 orcs
  7 giant cockroaches
  14 hobgoblins
  4 jackals (D:8)
  3 quokkas
  A ball python (D:1)
  7 bats
  9 frilled lizards
  17 goblins
  8 kobolds
  A leopard gecko skeleton (D:6)
  A quokka zombie (D:8)
  9 rats
239 creatures vanquished.

Notes
Turn   | Place    | Note
-------+----------+-------------------------------------------
     0 | D:1      | vishdafish the Demonspawn Fighter began the quest for the
                  | Orb.
     0 | D:1      | Reached XP level 1. HP: 18/18 MP: 1/1
   240 | D:1      | Gained mutation: You sometimes gain a little power by
                  | taking damage. [demonic ancestry]
   240 | D:1      | Reached XP level 2. HP: 24/24 MP: 2/2
   850 | D:2      | Found a glowing golden altar of the Shining One.
   920 | D:2      | Reached XP level 3. HP: 27/29 MP: 3/3
   930 | D:2      | Noticed Terence
   943 | D:2      | Killed Terence
  1164 | D:2      | Gained mutation: You are partially covered in sharp spines.
                  | [demonic ancestry]
  1164 | D:2      | Reached XP level 4. HP: 17/37 MP: 4/4
  1543 | D:3      | Noticed Grinder
  1543 | D:3      | Paralysed by Grinder for 3 turns
  1550 | D:3      | Paralysed by Grinder for 2 turns
  1559 | D:3      | Killed Grinder
  1559 | D:3      | Reached skill level 1 in Dodging
  1559 | D:3      | Reached XP level 5. HP: 25/42 MP: 5/5
  1559 | D:3      | Gained mutation: You are mostly covered in sharp spines.
                  | [demonic ancestry]
  1559 | D:3      | Reached XP level 6. HP: 28/48 MP: 6/6
  1691 | D:3      | Found an iron altar of Okawaru.
  1713 | D:3      | Found a runed translucent gate.
  1713 | D:3      | Found a runed translucent gate.
  1716 | D:3      | Noticed Killmatronix's ghost (novice KoHu)
  1717 | D:3      | Identified the +0 scale mail of the Vacuum {Dex+4}
  1718 | D:3      | Found a runed translucent gate.
  1720 | D:3      | Found a roughly hewn altar of Beogh.
  2458 | D:4      | Found an ornate altar of the Wu Jian Council.
  2500 | D:4      | Noticed Ijyb
  2575 | D:4      | Killed Ijyb
  2638 | D:4      | Found a hide-covered altar of Uskayaw.
  2743 | D:4      | Noticed Robin
  2788 | D:4      | Killed Robin
  2817 | D:4      | Noticed Purgy
  2832 | D:4      | Killed Purgy
  2832 | D:4      | Gained mutation: You are partially covered in slimy green
                  | scales. (AC +2) [demonic ancestry]
  2832 | D:4      | Reached XP level 7. HP: 44/55 MP: 7/7
  2983 | D:4      | Noticed Sigmund
  3015 | D:4      | Killed Sigmund
  3379 | D:5      | Entered Level 5 of the Dungeon
  3390 | D:5      | Reached skill level 5 in Polearms
  3490 | D:5      | Found a sacrificial altar of Ru.
  3490 | D:5      | Found a sparkling altar of Nemelex Xobeh.
  3556 | D:5      | Found Zownar's Food Boutique.
  3874 | D:5      | Found a glowing golden altar of the Shining One.
  3908 | D:5      | Reached skill level 5 in Fighting
  3908 | D:5      | Gained mutation: You have large cloven feet. [demonic
                  | ancestry]
  3908 | D:5      | Reached XP level 8. HP: 55/62 MP: 8/8
  4094 | D:5      | Found a runed translucent door.
  4095 | D:5      | Noticed Crazy Yiuf
  4283 | D:5      | Killed Crazy Yiuf
  4437 | D:3      | Killed Killmatronix's ghost
  4558 | D:6      | Got a spiked scale mail
  4572 | D:6      | Identified the +1 scale mail of Ywoav {rPois rF+ Str+5}
                  | (You found it on level 6 of the Dungeon)
  4589 | D:6      | Reached skill level 5 in Armour
  4589 | D:6      | Reached skill level 5 in Shields
  4977 | D:6      | Reached XP level 9. HP: 67/69 MP: 9/9
  6066 | D:7      | Found a staircase to the Ecumenical Temple.
  6108 | Temple   | Entered the Ecumenical Temple
  6150 | Temple   | Became a worshipper of Yredelemnul the Dark
  6429 | D:7      | Found a shadowy altar of Dithmenos.
  6472 | D:7      | Found an ancient bone altar of Kikubaaqudgha.
  6472 | D:7      | Noticed Joseph
  6497 | D:7      | Killed Joseph
  6715 | D:7      | Found a bloodstained altar of Trog.
  6824 | D:7      | Noticed Prince Ribbit
  6835 | D:7      | Killed Prince Ribbit
  7169 | D:8      | Reached XP level 10. HP: 54/79 MP: 10/10
  7247 | D:8      | Found a flagged portal.
  7251 | D:8      | Reached * piety under Yredelemnul
  7268 | D:8      | Noticed Harold
  7310 | D:8      | Killed Harold
  7425 | Bailey   | Entered a bailey
  7662 | Bailey   | Noticed an orc knight
  7685 | Bailey   | Killed an orc knight
  7691 | Bailey   | Found a burning altar of Makhleb.
  8000 | D:8      | Found a stormy altar of Qazlal.
  8042 | D:8      | Reached skill level 5 in Dodging
  8553 | D:8      | Found a roughly hewn altar of Beogh.
  9109 | D:9      | Reached ** piety under Yredelemnul
  9109 | D:9      | Reached skill level 1 in Invocations
  9183 | D:9      | Found a staircase to the Orcish Mines.
  9368 | D:9      | HP: 4/80 [ogre/+0 giant club (3)]
  9369 | D:9      | Slain by a worker ant

Skill      XL: |  1  2  3  4  5  6  7  8  9 10 |
---------------+-------------------------------+-----
Polearms       | 2 3 4 5 6 7 8 |  8.3
Shields        | 3 4 5 6 7 |  7.0
Armour         | 3 4 5 6 7 |  7.0
Fighting       | 4 5 6 7 8 |  8.1
Dodging        | 1 2 4 5 |  5.1
Invocations    | 3 |  3.7
Stealth        | |  0.2

Action                   |  1- 3 |  4- 6 |  7- 9 | 10-12 || total
-------------------------+-------+-------+-------+-------++-------
Melee: Trident           |   149 |   146 |   374 |   288 ||   957
Throw: Throwing net      |       |       |       |     2 ||     2
Evoke: Wand              |       |       |       |     6 ||     6
       Lightning rod     |       |       |       |     5 ||     5
  Use: Potion            |       |     2 |     2 |     6 ||    10
       Scroll            |       |       |     7 |     2 ||     9
 Stab: Sleeping          |       |       |     2 |       ||     2
       Distracted        |       |       |     1 |       ||     1
       Held in net/web   |       |       |       |     3 ||     3
  Eat: Ration            |       |     1 |     3 |     1 ||     5
       Chunk             |       |     3 |     4 |     4 ||    11
Armor: Scale mail        |    55 |    56 |    97 |    67 ||   275
Dodge: Dodged            |    25 |    25 |    87 |    95 ||   232
Block: Shield            |    60 |    62 |   169 |   142 ||   433
